Flyers vs Oilers (R1)

Created - 4 avril 2016 at 19:18

Goals
1 2 3 T
Flyers 0 4 2 6
Oilers 0 2 1 3
Shots
1 2 3 T
Flyers 13 15 7 35
Oilers 14 14 7 35

1st period

No Goal

Penalties :
Zach Bogosian (Edm) for Hooking (Minor) at 1:01, Dave Tanabe (Phi) for High sticking (Minor) at 6:35, Jeff O'Neill (Phi) for Roughing (Minor) at 13:33, Zach Bogosian (Edm) for Slashing (Minor) at 19:28

2nd period

1. Flyers , Jeff Carter 37 (Alexei Morozov, Pavel Kubina) at 0:36 (PP)
2. Flyers , Jeff Carter 38 (Alexei Morozov) at 2:54 (PP)
3. Oilers , Paul Stastny 24 (Patrick Kane, David Hale) at 4:55
4. Flyers , Matthew Lombardi 17 (Rostislav Olesz, Jonathan Ericsson) at 6:46
5. Flyers , Alexei Morozov 28 (Patrick Marleau, Jeff Carter) at 8:34 (PP)
6. Oilers , Ilya Kovalchuk 38 (Paul Stastny) at 11:43

Penalties :
Kurt Sauer (Edm) for Cross-checking (Minor) at 1:50, Ted Purcell (Edm) for Hooking (Minor) at 8:21, Ilya Kovalchuk (Edm) for Hooking (Minor) at 11:56

3rd period

7. Flyers , Patrick Marleau 29 (Pavel Kubina) at 1:44
8. Flyers , Jonathan Ericsson 6 (Rostislav Olesz, Matthew Lombardi) at 11:51
9. Oilers , Ian White 6 (Ilya Kovalchuk, Stephane Robidas) at 14:53

Penalties :
Wayne Simmonds (Edm) for Roughing (Minor) at 2:42, Tomas Fleischmann (Edm) for Roughing (Minor) at 7:20, Ian White (Edm) for Tripping (Minor) at 12:43

Goalie Stats

Viktor Fasth (Phi), 32 saves from 35 shots - (0,914), W, 32-22-5, 60:00 minutes
Cam Ward (Edm), 15 saves from 19 shots - (0,789), L, 30-22-3, 28:34 minutes
Sebastien Caron (Edm), 14 saves from 16 shots - (0,875), 31:26 minutes

Players Stats for Flyers

Player Name              G  A  P  +/- PIM S  H  SB GA TA FO     MP     PP MP  PK MP  
------------------------------------------------------------------------------------
Alexei Morozov           1  2  3   0  0   4  4  0  2  0  0/2    19:28   6:15   0:00 
Dany Heatley             0  0  0   0  0   5  9  1  1  0  0/1    21:00   6:05   1:48 
Dave Tanabe              0  0  0   0  2   2  4  3  1  1  0/0    23:31   5:55   0:49 
Georges Laraque          0  0  0   1  0   0  1  0  0  0  0/0     8:06   0:00   0:00 
James Wisniewski         0  0  0  -1  0   0  0  1  0  0  0/0    12:37   0:00   0:58 
Jeff Carter              2  1  3   0  0   4  0  2  0  0  15/24  20:39   6:15   0:44 
Jeff O'Neill             0  0  0  -1  2   0  0  0  0  0  3/4     8:48   0:00   0:00 
Jeff Woywitka            0  0  0   1  0   1  1  0  0  0  0/0    25:20   6:25   2:11 
Jonathan Ericsson        1  1  2   1  0   2  0  3  0  2  0/0    26:24   6:25   2:11 
Kyle McLaren             0  0  0  -1  0   1  0  1  0  0  0/0    11:01   0:00   1:47 
Kyle Wellwood            0  0  0   0  0   1  0  0  1  0  9/23   20:58   6:05   1:13 
Loui Eriksson            0  0  0   0  0   2  2  0  0  0  0/0    19:12   6:05   0:00 
Matthew Lombardi         1  1  2   1  0   2  0  1  0  0  1/5    10:07   0:00   2:01 
Mike York                0  0  0  -1  0   1  0  0  0  0  0/0     9:26   0:00   0:10 
Patrick Marleau          1  1  2   0  0   4  3  0  0  1  0/1    19:28   6:15   0:00 
Pavel Kubina             0  2  2   0  0   0  2  4  0  1  0/0    21:33   5:55   0:00 
Rostislav Olesz          0  2  2   1  0   3  1  0  0  0  0/0    10:06   0:00   2:00 
Stefan Ruzicka           0  0  0  -1  0   3  3  0  1  0  0/0     8:16   0:00   0:00 

Players Stats for Oilers

Player Name              G  A  P  +/- PIM S  H  SB GA TA FO     MP     PP MP  PK MP  
------------------------------------------------------------------------------------
Brian Sutherby           0  0  0   0  0   1  3  0  0  0  4/7    11:01   0:00   5:32 
Danny Richmond           0  0  0   0  0   3  1  4  0  2  0/0    25:33   2:23   6:12 
David Hale               0  1  1   0  0   0  2  3  0  1  0/0    21:40   0:00   6:08 
Ian White                1  0  1   0  2   2  1  0  1  0  0/0    22:22   1:35   5:16 
Ilya Kovalchuk           1  1  2   1  2   4  0  0  2  1  1/2    20:55   1:53   4:56 
Jonathan Toews           0  0  0   0  0   2  1  0  0  0  15/27  16:07   1:53   0:21 
Kurt Sauer               0  0  0   0  2   1  0  1  0  0  0/0    22:36   0:00   5:44 
Oleg Saprykin            0  0  0  -2  0   0  1  0  0  0  0/1    14:05   0:00   5:52 
Patrick Kaleta           0  0  0   0  0   2  3  0  0  0  0/0    16:46   1:47   1:28 
Patrick Kane             0  1  1   1  0   5  0  1  1  0  1/1    17:49   2:08   0:00 
Paul Stastny             1  1  2   1  0   4  0  0  0  1  7/12   17:21   1:50   0:00 
Peter Regin              0  0  0  -1  0   1  1  0  1  0  4/7    14:18   0:00   5:51 
Stephane Robidas         0  1  1   1  0   0  0  0  0  0  0/0    14:18   1:35   1:20 
Steve Begin              0  0  0   0  0   2  0  0  0  0  0/0     7:05   0:00   0:40 
Ted Purcell              0  0  0  -2  2   2  1  1  0  0  0/0     8:30   0:18   0:00 
Tomas Fleischmann        0  0  0   1  2   1  0  0  0  0  0/3    17:23   1:50   0:00 
Wayne Simmonds           0  0  0   0  2   2  2  0  0  1  0/0     5:43   0:15   0:00 
Zach Bogosian            0  0  0   0  4   3  0  0  0  0  0/0    14:00   2:23   0:00 

3 Stars

1 - Jeff Carter (Phi)
2 - Alexei Morozov (Phi)
3 - Jonathan Ericsson (Phi)

Power Play

Flyers - 3 on 8 Attempt(s) - 37,50%
Oilers - 0 on 2 Attempt(s) - 0,00%

Penalty Kill

Flyers - 2 on 2 Attempt(s) - 100,00% - Score 0 goal in Penalty Kill
Oilers - 5 on 8 Attempt(s) - 62,50% - Score 0 goal in Penalty Kill

Team Stat

Flyers - Hits : 30 - Faceoff Wins : 28 - Blocked Shots : 16 - Penalty Minutes : 4
Oilers - Hits : 16 - Faceoff Wins : 32 - Blocked Shots : 10 - Penalty Minutes : 16

Official

Referees : Rehman Kyle and Rooney Chris
Linesman : Scott Driscoll and David Brisebois

Game Notes

Sebastien Caron enters game at 8:34 of 2nd period
Kyle McLaren is injured at 10:07 of 3rd period (Left Eye)

Finance

Level 1 -- Attendance: 6000 (100,00%) -- Ticket Income 516 000 $
Level 2 -- Attendance: 5000 (100,00%) -- Ticket Income 260 000 $
Level 3 -- Attendance: 2000 (100,00%) -- Ticket Income 64 000 $
Level 4 -- Attendance: 3686 (92,15%) -- Ticket Income 81 092 $
Luxury Box -- Attendance: 820 (82,00%) -- Ticket Income 137 760 $
Game was played at the Rexall Place.
Total Attendance: 17506 (97,26%)
Total Ticket Income: 1 058 852 $
Other Income: 158 828 $
Total Income: 1 217 680 $

Flyers

5 vs 5 Forward 
   Center                   Left Wing                Right Wing               Time % Phy DF OF 
 1 Kyle Wellwood            Dany Heatley             Loui Eriksson            35     1   0  4  
 2 Jeff Carter              Patrick Marleau          Alexei Morozov           35     0   0  5  
 3 Matthew Lombardi         Rostislav Olesz          Georges Laraque          15     0   3  2  
 4 Jeff O'Neill             Mike York                Stefan Ruzicka           15     0   3  2  

5 vs 5 Defense 
   Defense                  Defense                                           Time % Phy DF OF 
 1 Jeff Woywitka            Jonathan Ericsson                                 40     1   2  2  
 2 Pavel Kubina             Dave Tanabe                                       40     1   2  2  
 3 Kyle McLaren             James Wisniewski                                  15     1   4  0  
 4 Jonathan Ericsson        Jeff Woywitka                                     5      1   2  2  

PowerPlay Forward 
   Center                   Left Wing                Right Wing               Time % Phy DF OF 
 1 Jeff Carter              Patrick Marleau          Alexei Morozov           50     1   2  2  
 2 Kyle Wellwood            Dany Heatley             Loui Eriksson            50     1   2  2  

PowerPlay Defense
   Defense                  Defense                                           Time % Phy DF OF 
 1 Jonathan Ericsson        Jeff Woywitka                                     50     1   2  2  
 2 Pavel Kubina             Dave Tanabe                                       50     1   2  2  

Penalty Kill 4 Players Forward 
   Center                   Wing                     Time % Phy DF OF 
 1 Matthew Lombardi         Rostislav Olesz          60     0   5  0  
 2 Kyle Wellwood            Dany Heatley             40     0   5  0  

Penalty Kill 4 Players Defense
   Defense                  Defense                  Time % Phy DF OF 
 1 Jeff Woywitka            Jonathan Ericsson        60     0   5  0  
 2 Kyle McLaren             Dave Tanabe              40     0   5  0  

Penalty Kill - 3 Players Forward 
   Forward                                           Time % Phy DF OF 
 1 Matthew Lombardi                                  60     0   5  0  
 2 Kyle Wellwood                                     40     0   5  0  

Penalty Kill - 3 Players Defense
   Defense                  Defense                  Time % Phy DF OF 
 1 Alexei Morozov           Jeff Woywitka            60     0   5  0  
 2 Kyle McLaren             Dave Tanabe              40     0   5  0  

4 vs 4 Forward 
   Center                   Wing                     Time % Phy DF OF 
 1 Jeff Carter              Patrick Marleau          50     1   2  2  
 2 Kyle Wellwood            Loui Eriksson            50     1   2  2  

4 vs 4 Defense
   Defense                  Defense                  Time % Phy DF OF 
 1 Jonathan Ericsson        Jeff Woywitka            50     1   2  2  
 2 Dave Tanabe              Pavel Kubina             50     1   2  2  

Last Minutes Offensive
   Center                   Left Wing                Right Wing               Defense                  Defense                  
   Kyle Wellwood            Patrick Marleau          Loui Eriksson            Pavel Kubina             Jeff Woywitka            

Last Minutes Defensive
   Center                   Left Wing                Right Wing               Defense                  Defense                  
   Matthew Lombardi         Dany Heatley             Georges Laraque          Jeff Woywitka            Jonathan Ericsson        

Goaltenders
Starting : Viktor Fasth             
Backup : Cory Schneider           

Extra Forwards
Normal : Jeff Carter, Kyle Wellwood, Patrick Marleau - PP : Jeff Carter, Kyle Wellwood - PK : Matthew Lombardi
Extra Defensemen
Normal : Jonathan Ericsson, Jeff Woywitka, Pavel Kubina - PP : Jonathan Ericsson - PK : Jeff Woywitka, Jonathan Ericsson
Penalty Shots
Patrick Marleau, Dany Heatley, Alexei Morozov, Jeff Carter, Loui Eriksson

Oilers

5 vs 5 Forward 
   Center                   Left Wing                Right Wing               Time % Phy DF OF 
 1 Jonathan Toews           Ilya Kovalchuk           Patrick Kaleta           38     1   2  2  
 2 Paul Stastny             Tomas Fleischmann        Patrick Kane             37     1   2  2  
 3 Peter Regin              Oleg Saprykin            Ted Purcell              15     1   2  2  
 4 Brian Sutherby           Steve Begin              Wayne Simmonds           10     1   2  2  

5 vs 5 Defense 
   Defense                  Defense                                           Time % Phy DF OF 
 1 Danny Richmond           Kurt Sauer                                        35     1   2  2  
 2 Ian White                David Hale                                        34     1   2  2  
 3 Stephane Robidas         Zach Bogosian                                     26     1   2  2  
 4 Ian White                Zach Bogosian                                     5      1   2  2  

PowerPlay Forward 
   Center                   Left Wing                Right Wing               Time % Phy DF OF 
 1 Jonathan Toews           Ilya Kovalchuk           Patrick Kane             65     0   2  3  
 2 Paul Stastny             Tomas Fleischmann        Patrick Kaleta           35     0   2  3  

PowerPlay Defense
   Defense                  Defense                                           Time % Phy DF OF 
 1 Ian White                Stephane Robidas                                  50     1   2  2  
 2 Danny Richmond           Zach Bogosian                                     50     1   2  2  

Penalty Kill 4 Players Forward 
   Center                   Wing                     Time % Phy DF OF 
 1 Peter Regin              Ilya Kovalchuk           50     1   3  1  
 2 Brian Sutherby           Oleg Saprykin            50     1   3  1  

Penalty Kill 4 Players Defense
   Defense                  Defense                  Time % Phy DF OF 
 1 Ian White                David Hale               50     1   3  1  
 2 Danny Richmond           Kurt Sauer               50     1   3  1  

Penalty Kill - 3 Players Forward 
   Forward                                           Time % Phy DF OF 
 1 Ilya Kovalchuk                                    50     1   4  0  
 2 Jonathan Toews                                    50     1   4  0  

Penalty Kill - 3 Players Defense
   Defense                  Defense                  Time % Phy DF OF 
 1 Ian White                David Hale               50     1   4  0  
 2 Danny Richmond           Kurt Sauer               50     1   4  0  

4 vs 4 Forward 
   Center                   Wing                     Time % Phy DF OF 
 1 Paul Stastny             Patrick Kane             50     1   2  2  
 2 Jonathan Toews           Ilya Kovalchuk           50     1   2  2  

4 vs 4 Defense
   Defense                  Defense                  Time % Phy DF OF 
 1 Ian White                David Hale               50     1   2  2  
 2 Danny Richmond           Kurt Sauer               50     1   2  2  

Last Minutes Offensive
   Center                   Left Wing                Right Wing               Defense                  Defense                  
   Jonathan Toews           Ilya Kovalchuk           Patrick Kane             Danny Richmond           Ian White                

Last Minutes Defensive
   Center                   Left Wing                Right Wing               Defense                  Defense                  
   Jonathan Toews           Ilya Kovalchuk           Patrick Kane             Danny Richmond           Ian White                

Goaltenders
Starting : Cam Ward                 
Backup : Sebastien Caron          

Extra Forwards
Normal : Ilya Kovalchuk, Patrick Kane, Jonathan Toews - PP : Ted Purcell, Wayne Simmonds - PK : Patrick Kaleta
Extra Defensemen
Normal : Zach Bogosian, Stephane Robidas, Ian White - PP : David Hale - PK : Stephane Robidas, Zach Bogosian
Penalty Shots
Patrick Kane, Ilya Kovalchuk, Jonathan Toews, Paul Stastny, Tomas Fleischmann

% Time on Ice - Flyers

Lines # - Real PCT - Wanted PCT - Time Play
Normal Forward
1 - 32% - 35% - 13:51
2 - 31% - 35% - 13:29
3 - 19% - 15% - 8:06
4 - 19% - 15% - 8:16
Normal Defense
1 - 38% - 40% - 16:44
2 - 38% - 40% - 16:29
3 - 24% - 15% - 10:29
4 - 0% - 5% - 0:00
PP Forward
1 - 51% - 50% - 6:15
2 - 49% - 50% - 6:05
PP Defense
1 - 52% - 50% - 6:25
2 - 48% - 50% - 5:55
PK Forward
1 - 69% - 60% - 2:45
2 - 31% - 40% - 1:13
PK Defense
1 - 55% - 60% - 2:11
2 - 45% - 40% - 1:47
PK3 Forward
1 - 0% - 60%
2 - 0% - 40%
PK3 Defense
1 - 0% - 60%
2 - 0% - 40%
44 Forward
1 - 0% - 50%
2 - 0% - 50%
44 Defense
1 - 0% - 50%
2 - 0% - 50%
Last Minute Offensive  - 0:00
Last Minute Defensive  - 0:00
Total
Forward - 60:00
Defense - 60:00

% Time on Ice - Oilers

Lines # - Real PCT - Wanted PCT - Time Play
Normal Forward
1 - 32% - 38% - 14:07
2 - 36% - 37% - 15:53
3 - 19% - 15% - 8:13
4 - 13% - 10% - 5:29
Normal Defense
1 - 38% - 35% - 16:45
2 - 36% - 34% - 15:45
3 - 26% - 26% - 11:12
4 - 0% - 5% - 0:00
PP Forward
1 - 54% - 65% - 2:08
2 - 46% - 35% - 1:50
PP Defense
1 - 40% - 50% - 1:35
2 - 60% - 50% - 2:23
PK Forward
1 - 51% - 50% - 6:15
2 - 49% - 50% - 6:05
PK Defense
1 - 50% - 50% - 6:08
2 - 50% - 50% - 6:12
PK3 Forward
1 - 0% - 50%
2 - 0% - 50%
PK3 Defense
1 - 0% - 50%
2 - 0% - 50%
44 Forward
1 - 0% - 50%
2 - 0% - 50%
44 Defense
1 - 0% - 50%
2 - 0% - 50%
Last Minute Offensive  - 0:00
Last Minute Defensive  - 0:00
Total
Forward - 60:00
Defense - 60:00

Play by Play

1st period


0:01 of 1st period - Kyle Wellwood wins face-off versus Jonathan Toews in neutral zone.
0:12 of 1st period - Wrist shot by Dany Heatley.
0:12 of 1st period - Stopped by Cam Ward without a rebound.
0:13 of 1st period - Jeff Carter wins face-off versus Paul Stastny in Oilers zone.
0:47 of 1st period - Snap shot by Matthew Lombardi.
0:47 of 1st period - Stopped by Cam Ward without a rebound.
0:48 of 1st period - Jeff O'Neill wins face-off versus Jonathan Toews in Oilers zone.
0:59 of 1st period - Wrist shot by Stefan Ruzicka.
0:59 of 1st period - Shot Misses the Net.
1:01 of 1st period - Minor Penalty to Zach Bogosian for Hooking.
1:02 of 1st period - Peter Regin wins face-off versus Jeff Carter in Oilers zone.
1:38 of 1st period - Slapshot by Oleg Saprykin.
1:38 of 1st period - Shot Blocked by Dany Heatley.
3:01 of 1st period - Penalty to Zach Bogosian is over, Zach Bogosian is back on ice.
3:03 of 1st period - Wrist shot by Patrick Kaleta.
3:03 of 1st period - Shot Blocked by Pavel Kubina.
3:09 of 1st period - David Hale is hit by Dave Tanabe and loses puck.
3:32 of 1st period - Snap shot by Patrick Kane.
3:32 of 1st period - Stopped by Viktor Fasth without a rebound.
3:33 of 1st period - Paul Stastny wins face-off versus Matthew Lombardi in Flyers zone.
3:56 of 1st period - Snap shot by Patrick Kane.
3:56 of 1st period - Stopped by Viktor Fasth with a rebound.
4:08 of 1st period - Wrist shot by Matthew Lombardi.
4:08 of 1st period - Shot Misses the Net.
4:12 of 1st period - Wrist shot by Rostislav Olesz.
4:12 of 1st period - Stopped by Cam Ward with a rebound.
4:20 of 1st period - Slapshot by Matthew Lombardi.
4:20 of 1st period - Shot Blocked by Kurt Sauer.
4:22 of 1st period - Snap shot by Jeff Woywitka.
4:22 of 1st period - Shot Blocked by Danny Richmond.
4:32 of 1st period - Snap shot by Matthew Lombardi.
4:32 of 1st period - Shot Blocked by Danny Richmond.
4:34 of 1st period - Slapshot by Jonathan Ericsson.
4:34 of 1st period - Stopped by Cam Ward without a rebound.
4:35 of 1st period - Jonathan Toews wins face-off versus Kyle Wellwood in Oilers zone.
4:35 of 1st period - Jonathan Toews is hit by Dany Heatley.
4:45 of 1st period - Wrist shot by Loui Eriksson.
4:45 of 1st period - Stopped by Cam Ward with a rebound.
5:12 of 1st period - Snap shot by Patrick Marleau.
5:12 of 1st period - Stopped by Cam Ward with a rebound.
5:49 of 1st period - Slapshot by Loui Eriksson.
5:49 of 1st period - Stopped by Cam Ward without a rebound.
5:50 of 1st period - Jeff Carter wins face-off versus Oleg Saprykin in Oilers zone.
5:55 of 1st period - Wrist shot by Alexei Morozov.
5:55 of 1st period - Shot Misses the Net.
5:57 of 1st period - Slapshot by Patrick Marleau.
5:57 of 1st period - Stopped by Cam Ward without a rebound.
5:58 of 1st period - Peter Regin wins face-off versus Jeff Carter in Oilers zone.
6:19 of 1st period - Wrist shot by Patrick Marleau.
6:19 of 1st period - Stopped by Cam Ward with a rebound.
6:35 of 1st period - Minor Penalty to Dave Tanabe for High sticking.
6:36 of 1st period - Matthew Lombardi wins face-off versus Jonathan Toews in Flyers zone.
7:48 of 1st period - Ian White is hit by Dany Heatley and loses puck.
8:35 of 1st period - Penalty to Dave Tanabe is over, Dave Tanabe is back on ice.
8:39 of 1st period - Icing by James Wisniewski.
8:40 of 1st period - Brian Sutherby wins face-off versus Jeff Carter in Flyers zone.
8:45 of 1st period - Wrist shot by Wayne Simmonds.
8:45 of 1st period - Stopped by Viktor Fasth with a rebound.
8:47 of 1st period - Slapshot by David Hale.
8:47 of 1st period - Shot Blocked by Jeff Carter.
9:25 of 1st period - Patrick Kane is hit by Alexei Morozov.
9:47 of 1st period - Wrist shot by Ilya Kovalchuk.
9:47 of 1st period - Shot Blocked by Jonathan Ericsson.
9:49 of 1st period - Slapshot by Ilya Kovalchuk.
9:49 of 1st period - Shot Blocked by Jonathan Ericsson.
10:09 of 1st period - Snap shot by Brian Sutherby.
10:09 of 1st period - Stopped by Viktor Fasth with a rebound.
10:11 of 1st period - Slapshot by Danny Richmond.
10:11 of 1st period - Stopped by Viktor Fasth with a rebound.
10:30 of 1st period - Off-side.
10:31 of 1st period - Jeff Carter wins face-off versus Jonathan Toews in neutral zone.
10:58 of 1st period - Tomas Fleischmann is hit by Dany Heatley and loses puck.
11:07 of 1st period - Slapshot by Loui Eriksson.
11:07 of 1st period - Shot Misses the Net.
11:40 of 1st period - Wrist shot by Jeff Carter.
11:40 of 1st period - Stopped by Cam Ward without a rebound.
11:41 of 1st period - Jeff Carter wins face-off versus Jonathan Toews in Oilers zone.
12:04 of 1st period - Snap shot by Ilya Kovalchuk.
12:04 of 1st period - Shot Blocked by Pavel Kubina.
12:06 of 1st period - Snap shot by Patrick Kaleta.
12:06 of 1st period - Shot Hit the Post.
12:08 of 1st period - Snap shot by Ilya Kovalchuk.
12:08 of 1st period - Stopped by Viktor Fasth with a rebound.
12:26 of 1st period - Slapshot by Ilya Kovalchuk.
12:26 of 1st period - Stopped by Viktor Fasth with a rebound.
12:28 of 1st period - Backhand shot by Ilya Kovalchuk.
12:28 of 1st period - Shot Misses the Net.
12:38 of 1st period - Snap shot by Jonathan Toews.
12:38 of 1st period - Shot Misses the Net.
12:40 of 1st period - Snap shot by Jonathan Toews.
12:40 of 1st period - Shot Blocked by Jeff Carter.
12:42 of 1st period - Slapshot by Ilya Kovalchuk.
12:42 of 1st period - Shot Blocked by Dave Tanabe.
12:44 of 1st period - Snap shot by Patrick Kaleta.
12:44 of 1st period - Stopped by Viktor Fasth with a rebound.
12:46 of 1st period - Snap shot by Ilya Kovalchuk.
12:46 of 1st period - Stopped by Viktor Fasth with a rebound.
12:48 of 1st period - Wrist shot by Patrick Kaleta.
12:48 of 1st period - Shot Blocked by Dave Tanabe.
12:50 of 1st period - Snap shot by Ian White.
12:50 of 1st period - Shot Blocked by Pavel Kubina.
12:52 of 1st period - Slapshot by Patrick Kaleta.
12:52 of 1st period - Stopped by Viktor Fasth without a rebound.
12:53 of 1st period - Paul Stastny wins face-off versus Kyle Wellwood in Flyers zone.
13:12 of 1st period - Paul Stastny is hit by Loui Eriksson and loses puck.
13:31 of 1st period - Snap shot by Oleg Saprykin.
13:31 of 1st period - Shot Misses the Net.
13:33 of 1st period - Minor Penalty to Jeff O'Neill for Roughing.
13:34 of 1st period - Patrick Kane wins face-off versus Matthew Lombardi in Flyers zone.
13:37 of 1st period - Slapshot by Patrick Kane.
13:37 of 1st period - Shot Misses the Net.
14:01 of 1st period - Slapshot by Ian White.
14:01 of 1st period - Stopped by Viktor Fasth with a rebound.
14:42 of 1st period - Danny Richmond is hit by Dany Heatley and loses puck.
15:33 of 1st period - Penalty to Jeff O'Neill is over, Jeff O'Neill is back on ice.
15:48 of 1st period - Mike York is hit by Oleg Saprykin and loses puck.
16:08 of 1st period - Icing by Kyle McLaren.
16:09 of 1st period - Jeff Carter wins face-off versus Brian Sutherby in Flyers zone.
16:22 of 1st period - Slapshot by Wayne Simmonds.
16:22 of 1st period - Shot Misses the Net.
16:24 of 1st period - Slapshot by Kurt Sauer.
16:24 of 1st period - Shot Misses the Net.
16:56 of 1st period - Patrick Kane is hit by Stefan Ruzicka.
17:21 of 1st period - Matthew Lombardi is hit by Patrick Kaleta and loses puck.
17:42 of 1st period - Stephane Robidas is hit by Alexei Morozov and loses puck.
17:57 of 1st period - Slapshot by Ian White.
17:57 of 1st period - Shot Blocked by James Wisniewski.
17:59 of 1st period - Snap shot by Danny Richmond.
17:59 of 1st period - Stopped by Viktor Fasth with a rebound.
18:01 of 1st period - Snap shot by Paul Stastny.
18:01 of 1st period - Stopped by Viktor Fasth without a rebound.
18:02 of 1st period - Jeff O'Neill wins face-off versus Tomas Fleischmann in Flyers zone.
18:02 of 1st period - Jeff O'Neill is hit by Danny Richmond.
18:08 of 1st period - Slapshot by Pavel Kubina.
18:08 of 1st period - Shot Misses the Net.
18:10 of 1st period - Snap shot by Mike York.
18:10 of 1st period - Stopped by Cam Ward with a rebound.
18:12 of 1st period - Wrist shot by Stefan Ruzicka.
18:12 of 1st period - Stopped by Cam Ward with a rebound.
18:24 of 1st period - Slapshot by Patrick Kane.
18:24 of 1st period - Stopped by Viktor Fasth with a rebound.
18:32 of 1st period - Danny Richmond is hit by Stefan Ruzicka and loses puck.
18:49 of 1st period - Wrist shot by Stefan Ruzicka.
18:49 of 1st period - Stopped by Cam Ward with a rebound.
18:51 of 1st period - Backhand shot by Pavel Kubina.
18:51 of 1st period - Shot Blocked by Patrick Kane.
19:03 of 1st period - Wrist shot by Stefan Ruzicka.
19:03 of 1st period - Shot Blocked by Danny Richmond.
19:05 of 1st period - Snap shot by Pavel Kubina.
19:05 of 1st period - Deflect By Stefan Ruzicka.
19:05 of 1st period - Shot Misses the Net.
19:05 of 1st period - Puck is out of play.
19:06 of 1st period - Kyle Wellwood wins face-off versus Jonathan Toews in Oilers zone.
19:11 of 1st period - Wrist shot by Dany Heatley.
19:11 of 1st period - Shot Misses the Net.
19:28 of 1st period - Minor Penalty to Zach Bogosian for Slashing.
19:29 of 1st period - Jeff Carter wins face-off versus Brian Sutherby in Oilers zone.
19:44 of 1st period - Wrist shot by Jeff Carter.
19:44 of 1st period - Shot Misses the Net.
19:54 of 1st period - Ian White is hit by Loui Eriksson and loses puck.
Goals for this period are 0 for Flyers vs 0 for Oilers.
Shots for this period are 13 for Flyers vs 14 for Oilers.

2nd period


0:01 of 2nd period - Peter Regin wins face-off versus Kyle Wellwood in neutral zone.
0:14 of 2nd period - Wrist shot by Peter Regin.
0:14 of 2nd period - Shot Misses the Net.
0:36 of 2nd period - Wrist shot by Jeff Carter.
0:36 of 2nd period - Goal by Jeff Carter - Flyers : 1 - Oilers : 0.
0:37 of 2nd period - Jonathan Toews wins face-off versus Kyle Wellwood in neutral zone.
1:09 of 2nd period - Slapshot by Paul Stastny.
1:09 of 2nd period - Shot Misses the Net.
1:47 of 2nd period - Backhand shot by Dave Tanabe.
1:47 of 2nd period - Deflect By Dany Heatley.
1:47 of 2nd period - Stopped by Cam Ward without a rebound.
1:48 of 2nd period - Ilya Kovalchuk wins face-off versus Kyle Wellwood in Oilers zone.
1:50 of 2nd period - Minor Penalty to Kurt Sauer for Cross-checking.
1:51 of 2nd period - Jeff Carter wins face-off versus Peter Regin in Oilers zone.
1:57 of 2nd period - Wrist shot by Jeff Carter.
1:57 of 2nd period - Stopped by Cam Ward with a rebound.
2:26 of 2nd period - Wrist shot by Loui Eriksson.
2:26 of 2nd period - Deflect By Dany Heatley.
2:26 of 2nd period - Shot Misses the Net.
2:26 of 2nd period - Puck is out of play.
2:27 of 2nd period - Brian Sutherby wins face-off versus Kyle Wellwood in Oilers zone.
2:54 of 2nd period - Slapshot by Jeff Carter.
2:54 of 2nd period - Goal by Jeff Carter - Flyers : 2 - Oilers : 0.
2:55 of 2nd period - Jonathan Toews wins face-off versus Kyle Wellwood in neutral zone.
3:20 of 2nd period - Patrick Kane is hit by Patrick Marleau and loses puck.
3:46 of 2nd period - Jonathan Ericsson is hit by Ted Purcell and loses puck.
4:42 of 2nd period - Wrist shot by Tomas Fleischmann.
4:42 of 2nd period - Stopped by Viktor Fasth without a rebound.
4:43 of 2nd period - Paul Stastny wins face-off versus Alexei Morozov in Flyers zone.
4:55 of 2nd period - Snap shot by Paul Stastny.
4:55 of 2nd period - Goal by Paul Stastny - Flyers : 2 - Oilers : 1.
4:56 of 2nd period - Jonathan Toews wins face-off versus Kyle Wellwood in neutral zone.
5:01 of 2nd period - Backhand shot by Zach Bogosian.
5:01 of 2nd period - Stopped by Viktor Fasth without a rebound.
5:02 of 2nd period - Kyle Wellwood wins face-off versus Jonathan Toews in Flyers zone.
5:53 of 2nd period - Jeff Woywitka is hit by Brian Sutherby and loses puck.
6:44 of 2nd period - Snap shot by Rostislav Olesz.
6:44 of 2nd period - Shot Misses the Net.
6:46 of 2nd period - Snap shot by Matthew Lombardi.
6:46 of 2nd period - Goal by Matthew Lombardi - Flyers : 3 - Oilers : 1.
6:47 of 2nd period - Jonathan Toews wins face-off versus Dany Heatley in neutral zone.
7:28 of 2nd period - Slapshot by Zach Bogosian.
7:28 of 2nd period - Deflect By Tomas Fleischmann.
7:28 of 2nd period - Shot Blocked by Dave Tanabe.
7:28 of 2nd period - Puck is out of play.
7:29 of 2nd period - Paul Stastny wins face-off versus Matthew Lombardi in Flyers zone.
7:32 of 2nd period - Slapshot by Patrick Kane.
7:32 of 2nd period - Shot Misses the Net.
7:34 of 2nd period - Snap shot by Paul Stastny.
7:34 of 2nd period - Stopped by Viktor Fasth with a rebound.
7:36 of 2nd period - Snap shot by Tomas Fleischmann.
7:36 of 2nd period - Shot Misses the Net.
7:38 of 2nd period - Slapshot by Patrick Kane.
7:38 of 2nd period - Stopped by Viktor Fasth with a rebound.
7:40 of 2nd period - Wrist shot by Paul Stastny.
7:40 of 2nd period - Shot Misses the Net.
7:42 of 2nd period - Slapshot by Kurt Sauer.
7:42 of 2nd period - Shot Blocked by Matthew Lombardi.
7:44 of 2nd period - Snap shot by Patrick Kane.
7:44 of 2nd period - Shot Misses the Net.
8:18 of 2nd period - Off-side.
8:19 of 2nd period - Peter Regin wins face-off versus Jeff Carter in neutral zone.
8:21 of 2nd period - Minor Penalty to Ted Purcell for Hooking.
8:22 of 2nd period - Jeff Carter wins face-off versus Ilya Kovalchuk in Oilers zone.
8:34 of 2nd period - Snap shot by Alexei Morozov.
8:34 of 2nd period - Goal by Alexei Morozov - Flyers : 4 - Oilers : 1.
8:34 of 2nd period - Sebastien Caron enters game.
8:35 of 2nd period - Kyle Wellwood wins face-off versus Jonathan Toews in neutral zone.
8:38 of 2nd period - Slapshot by Dave Tanabe.
8:38 of 2nd period - Stopped by Sebastien Caron with a rebound.
8:40 of 2nd period - Slapshot by Dave Tanabe.
8:40 of 2nd period - Stopped by Sebastien Caron with a rebound.
8:42 of 2nd period - Slapshot by Dave Tanabe.
8:42 of 2nd period - Shot Blocked by David Hale.
8:44 of 2nd period - Snap shot by Dave Tanabe.
8:44 of 2nd period - Shot Misses the Net.
9:02 of 2nd period - Alexei Morozov is hit by Ian White and loses puck.
9:34 of 2nd period - Off-side.
9:35 of 2nd period - Jonathan Toews wins face-off versus Kyle Wellwood in neutral zone.
10:28 of 2nd period - Snap shot by Rostislav Olesz.
10:28 of 2nd period - Shot Blocked by David Hale.
11:05 of 2nd period - Slapshot by Danny Richmond.
11:05 of 2nd period - Deflect By Dany Heatley.
11:05 of 2nd period - Stopped by Viktor Fasth with a rebound.
11:07 of 2nd period - Wrist shot by Peter Regin.
11:07 of 2nd period - Shot Misses the Net.
11:43 of 2nd period - Snap shot by Ilya Kovalchuk.
11:43 of 2nd period - Goal by Ilya Kovalchuk - Flyers : 4 - Oilers : 2.
11:44 of 2nd period - Kyle Wellwood wins face-off versus Jonathan Toews in neutral zone.
11:49 of 2nd period - Slapshot by Jonathan Ericsson.
11:49 of 2nd period - Deflect By Dany Heatley.
11:49 of 2nd period - Stopped by Sebastien Caron with a rebound.
11:51 of 2nd period - Slapshot by Jeff Woywitka.
11:51 of 2nd period - Shot Blocked by David Hale.
11:53 of 2nd period - Slapshot by Jeff Woywitka.
11:53 of 2nd period - Stopped by Sebastien Caron without a rebound.
11:54 of 2nd period - Jonathan Toews wins face-off versus Kyle Wellwood in Oilers zone.
11:56 of 2nd period - Minor Penalty to Ilya Kovalchuk for Hooking.
11:57 of 2nd period - Kyle Wellwood wins face-off versus Peter Regin in Oilers zone.
12:23 of 2nd period - Oleg Saprykin is hit by Alexei Morozov and loses puck.
13:56 of 2nd period - Penalty to Ilya Kovalchuk is over, Ilya Kovalchuk is back on ice.
14:25 of 2nd period - Snap shot by Rostislav Olesz.
14:25 of 2nd period - Stopped by Sebastien Caron with a rebound.
14:41 of 2nd period - Wrist shot by Stefan Ruzicka.
14:41 of 2nd period - Stopped by Sebastien Caron with a rebound.
14:43 of 2nd period - Slapshot by Kyle McLaren.
14:43 of 2nd period - Stopped by Sebastien Caron without a rebound.
14:44 of 2nd period - Paul Stastny wins face-off versus Matthew Lombardi in Oilers zone.
14:51 of 2nd period - Backhand shot by Paul Stastny.
14:51 of 2nd period - Shot Misses the Net.
14:53 of 2nd period - Slapshot by Zach Bogosian.
14:53 of 2nd period - Stopped by Viktor Fasth with a rebound.
15:25 of 2nd period - Wrist shot by Peter Regin.
15:25 of 2nd period - Shot Blocked by Jonathan Ericsson.
15:27 of 2nd period - Slapshot by Ted Purcell.
15:27 of 2nd period - Stopped by Viktor Fasth without a rebound.
15:28 of 2nd period - Jeff Carter wins face-off versus Jonathan Toews in Flyers zone.
15:53 of 2nd period - Dany Heatley is hit by Wayne Simmonds and loses puck.
15:58 of 2nd period - Wrist shot by Steve Begin.
15:58 of 2nd period - Shot Misses the Net.
16:00 of 2nd period - Wrist shot by Steve Begin.
16:00 of 2nd period - Deflect By Dany Heatley.
16:00 of 2nd period - Stopped by Viktor Fasth with a rebound.
16:04 of 2nd period - Slapshot by Wayne Simmonds.
16:04 of 2nd period - Stopped by Viktor Fasth with a rebound.
16:11 of 2nd period - Icing by Dany Heatley.
16:12 of 2nd period - Paul Stastny wins face-off versus Jeff O'Neill in Flyers zone.
16:50 of 2nd period - Slapshot by Alexei Morozov.
16:50 of 2nd period - Stopped by Sebastien Caron with a rebound.
16:52 of 2nd period - Snap shot by Alexei Morozov.
16:52 of 2nd period - Stopped by Sebastien Caron with a rebound.
17:10 of 2nd period - Snap shot by Jonathan Toews.
17:10 of 2nd period - Stopped by Viktor Fasth with a rebound.
17:16 of 2nd period - Ilya Kovalchuk is hit by Dany Heatley and loses puck.
17:35 of 2nd period - Snap shot by Georges Laraque.
17:35 of 2nd period - Shot Blocked by Ted Purcell.
17:37 of 2nd period - Slapshot by Matthew Lombardi.
17:37 of 2nd period - Shot Misses the Net.
17:47 of 2nd period - Danny Richmond is hit by Stefan Ruzicka and loses puck.
17:56 of 2nd period - Snap shot by Peter Regin.
17:56 of 2nd period - Shot Misses the Net.
17:58 of 2nd period - Slapshot by Stephane Robidas.
17:58 of 2nd period - Shot Blocked by Kyle McLaren.
18:00 of 2nd period - Wrist shot by Peter Regin.
18:00 of 2nd period - Shot Misses the Net.
18:02 of 2nd period - Backhand shot by Peter Regin.
18:02 of 2nd period - Shot Misses the Net.
18:04 of 2nd period - Wrist shot by Oleg Saprykin.
18:04 of 2nd period - Shot Misses the Net.
18:06 of 2nd period - Snap shot by Oleg Saprykin.
18:06 of 2nd period - Shot Misses the Net.
18:08 of 2nd period - Snap shot by Ted Purcell.
18:08 of 2nd period - Stopped by Viktor Fasth without a rebound.
18:09 of 2nd period - Jonathan Toews wins face-off versus Kyle Wellwood in Flyers zone.
18:30 of 2nd period - David Hale is hit by Dany Heatley and loses puck.
19:02 of 2nd period - David Hale is hit by Jeff Woywitka.
19:12 of 2nd period - Snap shot by Steve Begin.
19:12 of 2nd period - Stopped by Viktor Fasth without a rebound.
19:13 of 2nd period - Kyle Wellwood wins face-off versus Paul Stastny in Flyers zone.
19:40 of 2nd period - Tomas Fleischmann is hit by Georges Laraque and loses puck.
Goals for this period are 4 for Flyers vs 2 for Oilers.
Shots for this period are 15 for Flyers vs 14 for Oilers.

3rd period


0:01 of 3rd period - Jeff Carter wins face-off versus Jonathan Toews in neutral zone.
1:24 of 3rd period - Icing by Peter Regin.
1:25 of 3rd period - Jeff Carter wins face-off versus Peter Regin in Oilers zone.
1:32 of 3rd period - Slapshot by Kurt Sauer.
1:32 of 3rd period - Stopped by Viktor Fasth without a rebound.
1:33 of 3rd period - Jonathan Toews wins face-off versus Jeff Carter in Flyers zone.
1:38 of 3rd period - Slapshot by Jonathan Toews.
1:38 of 3rd period - Shot Blocked by Pavel Kubina.
1:44 of 3rd period - Backhand shot by Patrick Marleau.
1:44 of 3rd period - Goal by Patrick Marleau - Flyers : 5 - Oilers : 2.
1:45 of 3rd period - Jonathan Toews wins face-off versus Kyle Wellwood in neutral zone.
1:50 of 3rd period - Wrist shot by Ilya Kovalchuk.
1:50 of 3rd period - Shot Misses the Net.
1:52 of 3rd period - Snap shot by Ilya Kovalchuk.
1:52 of 3rd period - Shot Misses the Net.
1:54 of 3rd period - Slapshot by Zach Bogosian.
1:54 of 3rd period - Stopped by Viktor Fasth with a rebound.
2:42 of 3rd period - Minor Penalty to Wayne Simmonds for Roughing.
2:43 of 3rd period - Brian Sutherby wins face-off versus Kyle Wellwood in Oilers zone.
3:09 of 3rd period - Danny Richmond is hit by Patrick Marleau and loses puck.
3:53 of 3rd period - Pavel Kubina is hit by Brian Sutherby and loses puck.
4:00 of 3rd period - David Hale is hit by Dany Heatley and loses puck.
4:42 of 3rd period - Penalty to Wayne Simmonds is over, Wayne Simmonds is back on ice.
5:02 of 3rd period - Rostislav Olesz is hit by Patrick Kaleta and loses puck.
6:27 of 3rd period - Icing by James Wisniewski.
6:28 of 3rd period - Jonathan Toews wins face-off versus Jeff Carter in Flyers zone.
6:57 of 3rd period - Wrist shot by Paul Stastny.
6:57 of 3rd period - Stopped by Viktor Fasth without a rebound.
6:58 of 3rd period - Jeff Carter wins face-off versus Tomas Fleischmann in Flyers zone.
7:20 of 3rd period - Minor Penalty to Tomas Fleischmann for Roughing.
7:21 of 3rd period - Brian Sutherby wins face-off versus Jeff Carter in Oilers zone.
7:46 of 3rd period - Kyle Wellwood is hit by David Hale and loses puck.
8:45 of 3rd period - Kurt Sauer is hit by Dany Heatley and loses puck.
9:20 of 3rd period - Penalty to Tomas Fleischmann is over, Tomas Fleischmann is back on ice.
9:34 of 3rd period - Zach Bogosian is hit by Dave Tanabe and loses puck.
10:06 of 3rd period - Kyle McLaren is hit by Brian Sutherby and loses puck.
10:07 of 3rd period - Kyle McLaren from Flyers is injured at 10:07 of 3rd period (Left Eye).
10:08 of 3rd period - Jonathan Toews wins face-off versus Jeff Carter in Flyers zone.
10:53 of 3rd period - Icing by Danny Richmond.
10:54 of 3rd period - Jeff Carter wins face-off versus Paul Stastny in Oilers zone.
11:40 of 3rd period - Peter Regin is hit by Pavel Kubina and loses puck.
11:49 of 3rd period - Snap shot by Rostislav Olesz.
11:49 of 3rd period - Stopped by Sebastien Caron with a rebound.
11:51 of 3rd period - Slapshot by Jonathan Ericsson.
11:51 of 3rd period - Goal by Jonathan Ericsson - Flyers : 6 - Oilers : 2.
11:52 of 3rd period - Jeff Carter wins face-off versus Jonathan Toews in neutral zone.
11:52 of 3rd period - Alexei Morozov is hit by David Hale and loses puck.
11:59 of 3rd period - Jonathan Toews is hit by Dave Tanabe and loses puck.
12:08 of 3rd period - Backhand shot by Alexei Morozov.
12:08 of 3rd period - Stopped by Sebastien Caron without a rebound.
12:09 of 3rd period - Kyle Wellwood wins face-off versus Paul Stastny in Oilers zone.
12:18 of 3rd period - Snap shot by Dany Heatley.
12:18 of 3rd period - Stopped by Sebastien Caron without a rebound.
12:19 of 3rd period - Kyle Wellwood wins face-off versus Tomas Fleischmann in Oilers zone.
12:24 of 3rd period - Backhand shot by Kyle Wellwood.
12:24 of 3rd period - Shot Blocked by Danny Richmond.
12:40 of 3rd period - Snap shot by Dany Heatley.
12:40 of 3rd period - Stopped by Sebastien Caron without a rebound.
12:41 of 3rd period - Jonathan Toews wins face-off versus Alexei Morozov in Oilers zone.
12:43 of 3rd period - Minor Penalty to Ian White for Tripping.
12:44 of 3rd period - Jeff Carter wins face-off versus Brian Sutherby in Oilers zone.
14:01 of 3rd period - Peter Regin is hit by Alexei Morozov and loses puck.
14:43 of 3rd period - Penalty to Ian White is over, Ian White is back on ice.
14:46 of 3rd period - Stephane Robidas is hit by Dany Heatley and loses puck.
14:53 of 3rd period - Wrist shot by Ian White.
14:53 of 3rd period - Goal by Ian White - Flyers : 6 - Oilers : 3.
14:54 of 3rd period - Jeff O'Neill wins face-off versus Paul Stastny in neutral zone.
15:26 of 3rd period - Dave Tanabe is hit by Jonathan Toews and loses puck.
16:00 of 3rd period - Jeff Carter is hit by Wayne Simmonds and loses puck.
17:04 of 3rd period - Zach Bogosian is hit by Dave Tanabe and loses puck.
17:14 of 3rd period - Icing by Dave Tanabe.
17:15 of 3rd period - Paul Stastny wins face-off versus Kyle Wellwood in Flyers zone.
17:41 of 3rd period - Dave Tanabe is hit by Peter Regin and loses puck.
17:56 of 3rd period - Wrist shot by Kyle Wellwood.
17:56 of 3rd period - Stopped by Sebastien Caron with a rebound.
17:58 of 3rd period - Wrist shot by Loui Eriksson.
17:58 of 3rd period - Deflect By Kyle Wellwood.
17:58 of 3rd period - Shot Misses the Net.
17:58 of 3rd period - Puck is out of play.
17:59 of 3rd period - Jonathan Toews wins face-off versus Patrick Marleau in Oilers zone.
17:59 of 3rd period - Jonathan Toews is hit by Patrick Marleau.
18:13 of 3rd period - Jonathan Ericsson is hit by Patrick Kaleta and loses puck.
18:24 of 3rd period - Ian White is hit by Rostislav Olesz and loses puck.
18:33 of 3rd period - Wrist shot by Patrick Kane.
18:33 of 3rd period - Stopped by Viktor Fasth without a rebound.
18:34 of 3rd period - Jonathan Toews wins face-off versus Jeff Carter in Flyers zone.
18:49 of 3rd period - Slapshot by Jonathan Toews.
18:49 of 3rd period - Stopped by Viktor Fasth with a rebound.
19:13 of 3rd period - Slapshot by Peter Regin.
19:13 of 3rd period - Stopped by Viktor Fasth with a rebound.
19:53 of 3rd period - Brian Sutherby is hit by Pavel Kubina and loses puck.
Goals for this period are 2 for Flyers vs 1 for Oilers.
Shots for this period are 7 for Flyers vs 7 for Oilers.